 Dungeon Crawl Stone Soup version 0.18-a0-43-g402c68f (webtiles) character file.

76 Lurdo the Magician (level 4, -19/30 HPs)
             Began as a Mummy Wizard on Nov 6, 2015.
             Demolished by an ogre
             ... wielding a +0 giant club
              (26 damage)
             ... on level 3 of the Dungeon.
             The game lasted 00:11:07 (2273 turns).

Lurdo the Magician (Mummy Wizard)                   Turns: 2273, Time: 00:11:07

Health: -19/30     AC:  2    Str: 10    XL:     4   Next: 12%
Magic:  0/9        EV: 12    Int: 18    God:
Gold:   80         SH:  0    Dex: 10    Spells: 2 memorised, 6 levels left

rFire  x . .     SeeInvis .     d - +0 whip (flame)
rCold  + . .     Clarity  .     a - +0 robe
rNeg   + + +     SustAt   .     (no shield)
rPois  ∞         Gourm    .     b - +0 hat
rElec  .         Spirit   +     (no cloak)
rCorr  .         Warding  .     (no gloves)
rMut   .         Stasis   .     (no boots)
MR     .....                    g - amulet of guardian spirit
Stlth  ++........               (no ring)
                                (no ring)

@: about to teleport, very slightly contaminated, not resistant to hostile
enchantments, unstealthy
A: no food or potions, fire vulnerability, cold resistance 1, negative energy
resistance 3, torment resistance, unbreathing
a: no special abilities


You were on level 3 of the Dungeon.
You were not hungry.

You visited 1 branch of the dungeon, and saw 3 of its levels.

You collected 80 gold pieces.

Inventory:

Hand Weapons
 d - a +0 whip of flaming (weapon)
 f - a +0 dagger
 i - a +0 hunting sling
Missiles
 k - 29 stones (quivered)
Armour
 a - a +0 robe (worn)
 b - a +0 hat (worn)
 l - a +0 leather armour
Jewellery
 g - an amulet of guardian spirit (around neck)
Scrolls
 h - 2 scrolls of identify
 j - a scroll of immolation {unknown}
Books
 c - a book of Minor Magic

   Spells                             Type                      Level
   a - Magic Dart                     Conjuration                  1
   b - Blink                          Translocation                2
   c - Call Imp                       Summoning                    2
   d - Repel Missiles                 Charms/Air                   2
   e - Slow                           Hexes                        2
   f - Conjure Flame                  Conjuration/Fire             3
   g - Mephitic Cloud                 Conjuration/Poison/Air       3


   Skills:
 - Level 1.5 Dodging
 - Level 1.5 Stealth
 + Level 3.6 Spellcasting
 * Level 2.7 Conjurations
   Level 0.7 Summonings
   Level 0.7 Translocations


You had 6 spell levels left.
You knew the following spells:

 Your Spells              Type           Power        Failure   Level  Hunger
a - Magic Dart            Conj           ##..         6%          1    N/A
b - Mephitic Cloud        Conj/Pois/Air  #.......     34%         3    N/A

Dungeon Overview and Level Annotations

Branches:
Dungeon (3/15)

Altars:

Annotations:
D:2 Robin


Innate Abilities, Weirdness & Mutations

You do not eat or drink.
Your flesh is vulnerable to fire.
You are immune to poison.
Your flesh is cold resistant.
You are immune to negative energy.
You are immune to unholy pain and torment.
You can survive without breathing.


Message History

The ogre is engulfed in noxious fumes.
Casting: Mephitic Cloud
Confirm with . or Enter, or press ? or * to list all spells.
Aiming: Mephitic Cloud
Press: ? - help, Shift-Dir - straight line, f/p - ogre
Aim: an ogre, wielding a giant club (lightly wounded)
You miscast Mephitic Cloud.
You are very lightly contaminated with residual magic.
You are momentarily dazzled by a flash of light!
The ogre hits you with a giant club!
* * * LOW HITPOINT WARNING * * *
Casting: Mephitic Cloud
Confirm with . or Enter, or press ? or * to list all spells.
You don't know that spell.
As you read the scroll labeled DANUIR LAHUI, it crumbles to dust.
You feel strangely unstable.
It was a scroll of teleportation.
The ogre barely misses you. The ogre hits you with a giant club!!
Ouch! That really hurt!
You die...

#.........#
#.........########
#.................
#.........########
####.........#
.............#
.............#
....)........###########
................@......####
..........#......O........#
..........#.....!.g.......#
..........#...............#
..........#...............#
..........#...............#
..........#........>......#
..........#...............#
###########...............#


You could see an ogre and a hobgoblin.

Vanquished Creatures
  A hound (D:3)
  A worm (D:3)
  A giant gecko (D:3)
  6 hobgoblins
  A quokka (D:3)
  4 bats (D:1)
  A giant cockroach (D:1)
  3 giant newts (D:1)
  9 goblins
  10 kobolds
  A rat (D:1)
38 creatures vanquished.

Vanquished Creatures (others)
  4 toadstools (D:1)
4 creatures vanquished.

Grand Total: 42 creatures vanquished

Notes
Turn   | Place    | Note
--------------------------------------------------------------
     0 | D:1      | Lurdo the Mummy Wizard began the quest for the Orb.
     0 | D:1      | Reached XP level 1. HP: 13/13 MP: 4/4
   159 | D:1      | Reached skill level 1 in Conjurations
   503 | D:1      | Reached XP level 2. HP: 19/19 MP: 0/6
  1471 | D:1      | You fall through a shaft!
  1519 | D:2      | Reached XP level 3. HP: 24/24 MP: 2/7
  1529 | D:2      | Noticed Robin
  1877 | D:3      | Reached XP level 4. HP: 25/30 MP: 1/9
  2070 | D:3      | Learned a level 3 spell: Mephitic Cloud
  2261 | D:3      | Noticed an ogre
  2273 | D:3      | Demolished by an ogre

Vault maps used:
D:1:      ldierk_walled_garden_2
D:2:      lemuel_zombie_altar_kikubaaqudgha, amalloy_card_club, uniq_robin,
          uniq_sigmund
D:3:      lemuel_round_altar, ecumenical_altar_2, minmay_item_behind_shaft

Action                   |  1- 3 |  4- 6 || total
-------------------------+-------+-------++-------
Melee: Unarmed           |     8 |       ||     8
       Whip              |    26 |     1 ||    27
 Cast: Magic Dart        |    69 |    19 ||    88
       Mephitic Cloud    |       |     1 ||     1
  Use: Scroll            |     3 |     1 ||     4
